 Dungeon Crawl Stone Soup version 0.21-a0-404-g291f19a (webtiles) character file.

189 Slyspawn the Ruffian (level 5, -9/41 HPs)
             Began as a Draconian Transmuter on Oct 29, 2017.
             Was a Follower of Fedhas.
             Mangled by Sigmund
             ... wielding a +0 scythe of protection
              (13 damage)
             ... on level 4 of the Dungeon.
             The game lasted 00:15:04 (3443 turns).

Slyspawn the Ruffian (Draconian Transmuter)         Turns: 3443, Time: 00:15:04

Health: -9/41      AC:  5    Str: 13    XL:     5   Next: 40%
Magic:  5/9        EV: 12    Int: 14    God:    Fedhas [*.....]
Gold:   147        SH:  0    Dex: 11    Spells: 3/9 levels left

rFire    . . .     SeeInvis .     - Unarmed
rCold    . . .     Gourm    .   (no shield)
rNeg     . . .     Faith    .   (armour unavailable)
rPois    .         Spirit   .   (helmet restricted)
rElec    .         Reflect  .   (no cloak)
rCorr    .         Harm     .   (no gloves)
MR       .....                  (boots currently unavailable)
Stlth    +.........             (no amulet)
HPRegen  0.13/turn              (no ring)
MPRegen  0.11/turn              (no ring)

@: appendage (expiring)
A: unfitting armour, talons 3, cold-blooded, AC +5
a: End Transformation, Fungal Bloom, Evolution, Renounce Religion


You were on level 4 of the Dungeon.
You worshipped Fedhas.
Fedhas was aware of your devotion.
You were near starving.
You had grown temporary talons.
You visited 1 branch of the dungeon, and saw 4 of its levels.

You collected 147 gold pieces.

Inventory:

Missiles
 a - 67 arrows
Jewellery
 f - an uncursed amulet of guardian spirit {unknown}
 p - an uncursed ring of ice {unknown}
Wands
 o - a wand of confusion (21/48)
Scrolls
 d - 8 scrolls of identify {unknown}
 g - a scroll of magic mapping {unknown}
 h - 3 scrolls of remove curse {unknown}
 i - a scroll of teleportation {unknown}
 j - a scroll of enchant armour {unknown}
 k - a scroll of amnesia {unknown}
 q - a scroll of immolation {unknown}
 v - a scroll of random uselessness {unknown}
Potions
 e - 3 potions of curing {unknown}
 l - 2 potions of resistance {unknown}
 m - a potion of might {unknown}
 n - a potion of agility {unknown}
 r - a potion of lignification {unknown}
 t - a potion of degeneration {unknown}
 u - a potion of cancellation {unknown}
Books
 b - a book of Changes

   Spells                             Type                      Level
   a - Beastly Appendage              Transmutation                1
   b - Sticks to Snakes               Transmutation                2
   c - Spider Form                    Transmutation/Poison         3
   d - Ice Form                       Ice/Transmutation            4
   e - Blade Hands                    Transmutation                5
Comestibles
 c - 3 bread rations
 s - 2 royal jellies


   Skills:
 * Level 2.1 Fighting
 + Level 2.3 Dodging
 + Level 4.2 Unarmed Combat
 + Level 2.7 Spellcasting
 + Level 2.9 Transmutations
 * Level 1.5 Invocations


You had 3 spell levels left.
You knew the following spells:

 Your Spells              Type           Power        Failure   Level  Hunger
a - Beastly Appendage     Tmut           ##....       6%          1    #......
b - Sticks to Snakes      Tmut           ##......     10%         2    ###....
c - Spider Form           Tmut/Pois      #.........   34%         3    ###....


Dungeon Overview and Level Annotations

Branches:
Dungeon (4/15)
 Temple: D:4-7

Altars:
Fedhas
Gozag
The Shining One

Annotations:
D:4 Edmund, Eustachio, Sigmund


Innate Abilities, Weirdness & Mutations

Your plain brown scales are hard. (AC +5)
You cannot fit into any form of body armour.
You are cold-blooded and may be slowed by cold attacks.
You have claws for feet.


Message History

Something hits you. Something hits you.
* * * LOW HITPOINT WARNING * * *
You hear some strange, mumbled words.
Something tries to affect you, but you resist.
Something hits you.
* * * LOW HITPOINT WARNING * * *
You feel less confused.
Sigmund appears from thin air!
Reactivating autopickup.
Your adder barely misses Sigmund.
Sigmund gestures at you while chanting. The puff of flame hits you!
* * * LOW HITPOINT WARNING * * *
Your adder misses Sigmund.
You swap places.
Sigmund whispers, "You'll know eternity soon."
Sigmund hits you with a scythe of protection!
You die...
Fedhas appreciates your contribution to the ecosystem.

### ######## #.####.......
# ## ##.##......... .#.
########.....#.......
#....
#.......@S#####.#####
#..#.###.#######@#####<#
#........# ##..........##
#.....<([###............##
#.......###..............#
#..###### #..............#
#. #..............# #
#..............#
#..............#


You could see Sigmund and a friendly adder.

Vanquished Creatures
  A howler monkey (D:3)
  An orc wizard (D:3)
  A worker ant (D:3)
  2 adders
  A worm (D:3)
  4 leopard geckos
  5 orcs (D:3)
  6 bats
  2 giant cockroaches
  6 goblins
  5 hobgoblins
  5 jackals
  3 frilled lizards
  7 kobolds
  3 rats
52 creatures vanquished.

Vanquished Creatures (collateral kills)
  A hound (D:4)
  4 orcs (D:3)
  A giant cockroach (D:3)
  A goblin (D:3)
7 creatures vanquished.

Vanquished Creatures (others)
  26 toadstools
26 creatures vanquished.

Grand Total: 85 creatures vanquished

Notes
Turn   | Place    | Note
-------+----------+-------------------------------------------
     0 | D:1      | Slyspawn the Draconian Transmuter began the quest for the Orb.
     0 | D:1      | Reached XP level 1. HP: 16/16 MP: 3/3
   139 | D:1      | Reached XP level 2. HP: 9/23 MP: 5/5
   330 | D:1      | Learned a level 2 spell: Sticks to Snakes
  1337 | D:2      | Found a blossoming altar of Fedhas.
  1348 | D:2      | Became a worshipper of Fedhas Madash
  1354 | D:2      | Reached XP level 3. HP: 16/28 MP: 4/6
  1828 | D:3      | Found a faded altar of an unknown god.
  1882 | D:3      | Found an opulent altar of Gozag.
  1912 | D:3      | Learned a level 3 spell: Spider Form
  2182 | D:3      | Reached skill level 4 in Unarmed Combat
  2195 | D:3      | Reached XP level 4. HP: 19/36 MP: 1/7
  2434 | D:3      | Found a glowing golden altar of the Shining One.
  2455 | D:3      | Reached * piety under Fedhas
  2617 | D:3      | Reached skill level 1 in Invocations
  3011 | D:4      | Noticed Sigmund
  3031 | D:3      | Reached XP level 5. HP: 16/41 MP: 1/9
  3225 | D:4      | Noticed Edmund
  3228 | D:4      | Noticed Eustachio
  3443 | D:4      | Mangled by Sigmund

Vault maps used:
D:1:      dpeg_arrival_boxes_within_box
D:2:      fedhas_altar_1, kennysheep_generic_room_10
D:3:      nicolae_tso_carved_into_rock, first_bread,
          chequers_ecumenical_altar_simple_redux, grunt_gozag_statues
D:4:      kennysheep_mini, yredelemnul_forgotten_temple_becter, tgw_trog,
          minmay_temple_entry_fiery, uniq_sigmund, uniq_eustachio, uniq_edmund

Skill      XL: |  1  2  3  4 |
---------------+-------------+-----
Dodging        | 2 |  2.3
Unarmed Combat | 4 |  4.2
Invocations    | 1 |  1.5
Fighting       | 2 |  2.1
Spellcasting   | |  2.7
Transmutations | |  2.9

Action                   |  1- 3 |  4- 6 || total
-------------------------+-------+-------++-------
Melee: Unarmed           |   120 |    82 ||   202
       Tailslap          |     9 |     4 ||    13
       Kick              |    13 |     9 ||    22
       Headbutt          |     4 |     1 ||     5
 Cast: Beastly Appendage |    22 |    13 ||    35
       Sticks to Snakes  |     6 |     9 ||    15
Invok: Fungal Bloom      |     3 |     8 ||    11
  Eat: Chunk             |     1 |     2 ||     3
       Meat ration       |     1 |       ||     1
Armor: Skin              |    36 |    29 ||    65
Dodge: Dodged            |    83 |    41 ||   124

Table legend:
 A = Spawn XP
 B = Non-spawn XP
 C = Spawn XP percentage of total XP
 D = Spawn monster count
 E = Non-spawn monster count
 F = Spawn count percentage of total count
 G = Total turns spent on level
                    A         B        C        D         E        F      G
               +---------+---------+-------+---------+---------+-------+---------
         Total |       0 |     271 |   0.0 |       0 |      59 |   0.0 |  3443
               +---------+---------+-------+---------+---------+-------+---------
           D:1 |       0 |      27 |   0.0 |       0 |      16 |   0.0 |  1262
           D:2 |       0 |      21 |   0.0 |       0 |       6 |   0.0 |   566
           D:3 |       0 |     181 |   0.0 |       0 |      33 |   0.0 |  1487
           D:4 |       0 |      42 |   0.0 |       0 |       4 |   0.0 |   128
               +---------+---------+-------+---------+---------+-------+---------
